 Dungeon Crawl Stone Soup version 0.29.1-14-g9c671dbff4 (webtiles) character file.

Game seed: 17772140947656007221

49961 octoduck the Brawler (level 14, -15/131 HPs)
             Began as a Troll Monk on Feb 13, 2023.
             Was a High Priest of Cheibriados.
             Demolished by an orc knight
             ... wielding a +0 glaive
              (26 damage)
             ... on level 2 of the Orcish Mines on Feb 14, 2023.
             The game lasted 01:16:57 (19935 turns).

octoduck the Brawler (Troll Monk)                  Turns: 19935, Time: 01:16:58

Health: -15/131    AC: 11    Str: 43    XL:     14   Next: 17%
Magic:  18/18      EV: 16    Int: 23    God:    Cheibriados [*****.]
Gold:   1594       SH:  0    Dex: 23    Spells: 1/13 levels left

rFire   . . .      SeeInvis .     - Unarmed
rCold   + . .      Faith    .   (no shield)
rNeg    . . .      Spirit   .   o - +2 robe {rC+}
rPois   .          Reflect  +   j - +2 hat
rElec   .          Harm     .   E - +2 cloak {Will+}
rCorr   +          Rampage  .   (gloves unavailable)
Will    +++..                   (boots unavailable)
Stlth   +.........              Q - amulet of reflection
HPRegen 1.11/turn               X - ring "Popav" {Will+ rCorr Int+6}
MPRegen 0.16/turn               O - +6 ring of strength

@: confused, ambrosia-drunk, very slow
A: large, unfitting armour, claws 3, regeneration 1, shaggy fur 1, tough skin 1
a: Renounce Religion, Bend Time, Temporal Distortion, Slouch, Step From Time


You were on level 2 of the Orcish Mines.
You worshipped Cheibriados.
Cheibriados was extremely pleased with you.
You visited 4 branches of the dungeon, and saw 20 of its levels.
You also visited: Ice Cave.

You collected 1841 gold pieces.
You spent 247 gold pieces at shops.

Inventory:

Hand Weapons
 B - a +0 hand crossbow
 D - a +0 shortbow
 K - a +1 shortbow of freezing
Missiles
 h - 10 silver javelins
 i - 59 poisoned darts (quivered)
 n - 5 atropa-tipped darts
 q - 12 boomerangs
 x - 2 throwing nets
 A - a curare-tipped dart
 C - 4 javelins
Armour
 j - a +2 hat (worn)
 o - a +2 robe of cold resistance (worn)
 r - a +0 robe of positive energy
 E - a +2 cloak of willpower (worn)
 L - a +0 troll leather armour
 S - the +1 robe of Henwaab {rF++ rC- Str+2 Int+4 Stlth+}
   (You found it on level 3 of the Lair of Beasts)

   Str:       It affects your strength (+2).
   Int:       It affects your intelligence (+4).
   rF:        It greatly protects you from fire.
   rC:        It makes you vulnerable to cold.
   Stlth:     It makes you more stealthy.
Jewellery
 g - a +6 ring of dexterity
 t - an amulet of faith
 y - the ring of Nahageqa {rElec rF+ Will- Dex+6}
   (You took it off an orc on level 9 of the Dungeon)

   [ring of protection from fire]

   Dex:       It affects your dexterity (+6).
   rF:        It protects you from fire.
   rElec:     It insulates you from electricity.
   Will:      It decreases your willpower.
 O - a +6 ring of strength (right claw)
 P - a ring of wizardry
 Q - an amulet of reflection (around neck)
 U - a ring of poison resistance
 X - the ring "Popav" (left claw) {Will+ rCorr Int+6}
   (You found it on level 5 of the Lair of Beasts)

   [ring of intelligence]

   Int:       It affects your intelligence (+6).
   rCorr:     It protects you from acid and corrosion.
   Will:      It increases your willpower.
Wands
 l - a wand of charming (24)
 z - a wand of polymorph (6)
 G - a wand of iceblast (3)
 I - a wand of digging (6)
 T - a wand of acid (3)
Scrolls
 a - 2 scrolls of teleportation
 c - 3 scrolls of amnesia
 F - 2 scrolls of silence
 M - a scroll of butterflies
 R - a scroll of enchant weapon
 V - a scroll of summoning {unknown}
Potions
 d - 2 potions of cancellation
 e - a potion of invisibility {unknown}
 f - 14 potions of curing
 k - 2 potions of resistance {unknown}
 m - 2 potions of brilliance {unknown}
 p - 2 potions of mutation
 s - 7 potions of flight
 u - 5 potions of attraction
 w - a potion of experience {unknown}
 J - a potion of lignification {unknown}
 W - a potion of magic {unknown}


   Skills:
 - Level 6.4 Fighting
 - Level 8.0 Dodging
 - Level 1.0 Stealth
 + Level 15.3 Unarmed Combat
 - Level 6.1 Translocations
 + Level 11.2 Earth Magic
 + Level 7.3 Invocations


You had one spell level left.
You knew the following spells:

 Your Spells              Type           Power      Damage    Failure   Level
a - Lee's Rapid Deconstr  Erth           25%        3d15*     4%          5
b - Lesser Beckoning      Tloc           28%        N/A       3%          3
c - Passage of Golubria   Tloc           28%        N/A       13%         4

Your spell library contained the following spells:

 Spells                   Type           Power      Damage    Failure   Level
 Magic Dart               Conj           0%         1d3       16%         1
 Searing Ray              Conj           0%         2d4       24%         2
 Iskenderun's Mystic Bla  Conj/Tloc      14%        2d5       41%         4
 Fulminant Prism          Conj/Hex       0%         3d6       83%         4
 Iron Shot                Conj/Erth      12%        9d3       94%         6
 Fireball                 Conj/Fire      0%         3d3       99%         5
 Starburst                Conj/Fire      0%         6d3       100%        6
 Malign Gateway           Summ/Tloc      7%         N/A       100%        7
 Ignition                 Fire           0%         3d3       100%        8


Dungeon Overview and Level Annotations

Branches:
Dungeon (12/15)            Temple (1/1) D:4            Lair (5/5) D:11
  Swamp (0/4) Lair:2        Snake (0/4) Lair:2        Slime (0/5) Lair:4
    Orc (2/2) D:12          IceCv (visited)
    Elf: Orc:2

Altars:
Ashenzari
Cheibriados
Dithmenos
Elyvilon
Fedhas
Gozag
Hepliaklqana
Kikubaaqudgha
Makhleb
Nemelex Xobeh
Okawaru
Qazlal
Ru
Sif Muna
Trog
Uskayaw
Vehumet
Wu Jian
Xom
Yredelemnul
Zin
The Shining One
Jiyva

Shops:
D:6 [(([*   D:11 (   Orc:1 (

Annotations:
D:12 exclusion: hydra
Lair:4 2 transporters, Shadowshaper's ghost, journeyman MiFi


Innate Abilities, Weirdness & Mutations

You are too large for most types of armour.
You have claws for hands.
Your natural rate of healing is unusually fast.
You are covered in fur. (AC +1)
You have tough skin. (AC +1)


Message History

The orc sorcerer is severely wounded.
You hear a shout!
You hear a howl!
You block the orc's attack.
Aiming: Iceblast
Press: ? - help, Shift-Dir - straight line, f - orc knight
Aim: an orc knight, wielding a +0 glaive and wearing a +0 chain mail (moderately wounded)
The mass of ice explodes!
The iceblast engulfs the orc knight!
The orc knight is heavily wounded.
The iceblast engulfs the troll!
The troll is moderately wounded.
The iceblast engulfs the orc sorcerer!
You kill the orc sorcerer!
Cheibriados appreciates the change of pace.
The neqoxec disappears in a puff of smoke!
The iceblast engulfs the orc!
You kill the orc!
Cheibriados appreciates the change of pace.
You hear a shout!
The orc knight hits you from afar with a +0 glaive!!
An orc wizard comes into view. It is wielding a +0 dagger.
The troll completely misses you. The troll closely misses you.
You block the troll's attack.
The orc knight hits you with a +0 glaive.
The troll misses you. The troll claws you! The troll barely misses you.
The orc knight hits you with a +0 glaive!
The troll bites you. The troll claws you. You block the troll's attack.
The orc knight hits you with a +0 glaive!
* * * LOW HITPOINT WARNING * * *
The troll bites you.
* * * LOW HITPOINT WARNING * * *
The troll closely misses you. The troll claws you!
* * * LOW HITPOINT WARNING * * *
The orc knight hits you with a +0 glaive!
* * * LOW HITPOINT WARNING * * *
Okay, then.
Okay, then.
You are confused.
You feel invigorated.
The orc knight hits you with a +0 glaive!!
You die...

#...........#.........
##.........[.....#....
##...................
##........##.#.....o
##.#......##.......
#######.#.............$..
##.##.....................
##.........................
#............)..@T.......#.
...^.........<..o..#..###..
..............).).....#.. .
.............)............
.........#.)..........o...
..#.#.#.##..)......#......
.
.###........#.......##.o.o
.o
..#...#.#...............#
.#.
......##............##.##
o..#


You could see an orc knight, a troll, an orc warrior and an orc wizard.

Vanquished Creatures
  A tentacled monstrosity (D:12)
  Gastronok (D:8)
  A very ugly thing (D:12)
  A hydra (Lair:5)
  A boulder beetle (Lair:5)
  3 catoblepae (Lair:5)
  A centaur warrior (D:11)
  5 death yaks (Lair:5)
  A two-headed ogre (D:10)
  Nergalle (D:12)
  A bog body (Lair:2)
  2 orc sorcerers
  4 manticores
  2 ugly things
  10 black mambas
  A gargoyle (D:12)
  A torpor snail (Lair:4)
  An unseen horror (D:10)
  A kobold demonologist (D:11)
  15 cane toads
  6 komodo dragons
  2 rime drakes
  4 polar bears
  4 trolls
  16 blink frogs
  5 dream sheep
  2 vampires (D:11)
  A shadow (D:11)
  7 wyverns
  56 yaks
  2 basilisks
  Grum (D:8)
  A steam dragon (D:8)
  3 vampire mosquitoes (D:11)
  A death yak simulacrum (IceCv)
  An acid dragon (D:11)
  18 water moccasins
  Duvessa (D:6)
  2 ice beasts (D:7)
  2 black bears (D:5)
  7 orc warriors
  A sky beast (D:8)
  17 wolves
  7 ogres
  9 centaurs
  A phantom (D:6)
  5 kobold brigands
  A necrophage (D:7)
  A scorpion (D:4)
  4 bullfrogs
  8 wights (D:7)
  Dowan (D:6)
  3 killer bees (D:9)
  2 howler monkeys (D:10)
  11 orc priests
  2 hounds (D:6)
  6 jellies
  Crazy Yiuf (D:7)
  A gnoll bouda (D:7)
  Natasha (thrice) (D:4)
  5 iguanas
  14 orc wizards
  A polar bear simulacrum (IceCv)
  A wolf simulacrum (IceCv)
  8 gnolls
  5 adders
  3 shadow imps
  14 white imps
  An ufetubus (D:4)
  2 worms
  4 dart slugs
  51 orcs
  4 ball pythons
  2 bats (D:2)
  9 endoplasms
  2 giant cockroaches
  7 goblins
  10 hobgoblins
  A jackal (D:2)
  6 quokkas
  2 frilled lizards (D:1)
  22 kobolds
  10 rats
464 creatures vanquished.

Vanquished Creatures (others)
  47 fungi
  91 plants
138 creatures vanquished.

Grand Total: 602 creatures vanquished

Notes
Turn   | Place    | Note
-------+----------+-------------------------------------------
     0 | D:1      | octoduck the Troll Monk began the quest for the Orb.
     0 | D:1      | Reached XP level 1. HP: 22/22 MP: 0/0
   289 | D:1      | Reached XP level 2. HP: 29/29 MP: 1/1
   972 | D:2      | Reached skill level 4 in Unarmed Combat
  1053 | D:2      | Reached XP level 3. HP: 33/36 MP: 2/2
  1300 | D:2      | Found an ornate altar of the Wu Jian Council.
  1446 | D:2      | Reached skill level 5 in Unarmed Combat
  1446 | D:2      | Reached XP level 4. HP: 44/44 MP: 3/3
  2185 | D:3      | Reached XP level 5. HP: 46/50 MP: 4/4
  2891 | D:4      | Reached skill level 6 in Unarmed Combat
  2997 | D:4      | Found a shimmering altar of Xom.
  3017 | D:4      | Noticed Natasha
  3018 | D:4      | Found a staircase to the Ecumenical Temple.
  3023 | D:4      | Killed Natasha
  3028 | Temple   | Entered the Ecumenical Temple
  3232 | Temple   | Became a worshipper of Cheibriados the Contemplative
  3232 | Temple   | Reached * piety under Cheibriados
  3232 | Temple   | Reached ** piety under Cheibriados
  3361 | D:4      | Found a burning altar of Makhleb.
  3362 | D:4      | Found a glowing golden altar of the Shining One.
  3377 | D:4      | Noticed Natasha
  3383 | D:4      | Killed Natasha
  3384 | D:4      | Reached XP level 6. HP: 53/59 MP: 5/5
  3529 | D:4      | Got the Precepts of the Map and Geology
  3557 | D:4      | Noticed a wyvern
  3929 | D:4      | Noticed Natasha
  3938 | D:4      | Killed Natasha
  4293 | D:5      | Entered Level 5 of the Dungeon
  4300 | D:5      | Noticed an orc warrior
  4312 | D:4      | Killed an orc warrior
  4313 | D:4      | Reached skill level 7 in Unarmed Combat
  4423 | D:5      | Reached XP level 7. HP: 57/66 MP: 6/6
  4453 | D:5      | Found an ancient bone altar of Kikubaaqudgha.
  4460 | D:5      | Found a shadowy altar of Dithmenos.
  4860 | D:5      | Reached skill level 8 in Unarmed Combat
  4867 | D:5      | Reached *** piety under Cheibriados
  4913 | D:5      | Found an ornate altar of the Wu Jian Council.
  4965 | D:5      | Found a bloodstained altar of Trog.
  5136 | D:6      | Found Xief's Antique Armour Emporium.
  5140 | D:6      | Found Gojer's Weapon Shoppe.
  5145 | D:6      | Reached XP level 8. HP: 74/74 MP: 7/7
  5190 | D:6      | Found Sufyotao's Weapon Boutique.
  5248 | D:6      | Found Kiov's Armour Boutique.
  5292 | D:6      | Bought a +2 robe of cold resistance for 247 gold pieces
  5322 | D:6      | Reached skill level 5 in Dodging
  5384 | D:6      | Reached skill level 9 in Unarmed Combat
  5425 | D:6      | Found Ibooraq's Assorted Antiques.
  5458 | D:6      | Noticed Dowan
  5463 | D:6      | Noticed Duvessa
  5476 | D:6      | Killed Duvessa
  5496 | D:6      | Killed Dowan
  5765 | D:6      | Reached **** piety under Cheibriados
  6184 | D:7      | Reached skill level 10 in Unarmed Combat
  6184 | D:7      | Reached XP level 9. HP: 80/80 MP: 8/8
  6233 | D:7      | Reached skill level 1 in Invocations
  6534 | D:7      | Found a glowing silver altar of Zin.
  6943 | D:7      | Found a runed translucent door.
  6944 | D:7      | Noticed Crazy Yiuf
  6951 | D:7      | Killed Crazy Yiuf
  7024 | D:7      | Reached ***** piety under Cheibriados
  7440 | D:8      | Noticed Grum
  7446 | D:8      | Killed Grum
  7447 | D:8      | Reached skill level 5 in Invocations
  7537 | D:8      | Found an opulent altar of Gozag.
  7545 | D:8      | Noticed Gastronok
  7686 | D:8      | Killed Gastronok
  7687 | D:8      | Reached skill level 11 in Unarmed Combat
  7687 | D:8      | Reached XP level 10. HP: 23/88 MP: 12/14
  8719 | D:9      | Learned a level 5 spell: Lee's Rapid Deconstruction
  8723 | D:9      | Learned a level 3 spell: Lesser Beckoning
  8729 | D:9      | Identified the ring of Nahageqa {rElec rF+ Will- Dex+6}
  8740 | D:9      | Reached skill level 1 in Translocations
  9360 | D:10     | Entered Level 10 of the Dungeon
  9535 | D:10     | Found a stormy altar of Qazlal.
  9552 | D:10     | Noticed a two-headed ogre
 10329 | D:11     | Reached ****** piety under Cheibriados
 10478 | D:11     | Reached XP level 11. HP: 98/101 MP: 15/15
 10663 | D:11     | Noticed a centaur warrior
 10673 | D:11     | Killed a centaur warrior
 10742 | D:11     | Found a staircase to the Lair.
 10854 | D:11     | Reached skill level 5 in Translocations
 10900 | D:11     | Found Ecsadogha's Hydra Hut.
 10912 | D:11     | Noticed a six-headed hydra
 11140 | Lair:1   | Entered Level 1 of the Lair of Beasts
 11492 | Lair:1   | Reached skill level 12 in Unarmed Combat
 11831 | Lair:1   | Reached skill level 1 in Earth Magic
 12218 | Lair:2   | Found a staircase to the Snake Pit.
 12471 | Lair:2   | Reached XP level 12. HP: 98/110 MP: 16/16
 12526 | Lair:2   | Found a staircase to the Swamp.
 12539 | Lair:2   | Reached skill level 5 in Earth Magic
 12978 | Lair:2   | Reached skill level 13 in Unarmed Combat
 13447 | Lair:3   | Found a frozen archway.
 13474 | IceCv    | Entered an ice cave
 13573 | IceCv    | Found a transporter.
 13593 | IceCv    | Found a transporter.
 14107 | Lair:3   | Identified the +3 leather armour "Iquol" {*Slow Int+6
                  | Dex+5}
 14213 | Lair:3   | Identified the +1 robe of Henwaab {rF++ rC- Str+2 Int+4
                  | Stlth+}
 14475 | Lair:4   | Found a viscous altar of Jiyva.
 14477 | Lair:4   | Found a staircase to the Slime Pits.
 15047 | Lair:4   | Reached XP level 13. HP: 112/117 MP: 17/17
 15095 | Lair:4   | Noticed Shadowshaper's ghost (journeyman MiFi)
 15114 | Lair:4   | Found a transporter.
 15122 | Lair:4   | Found a transporter.
 15128 | Lair:4   | Found a bloodstained altar of Trog.
 15641 | Lair:5   | Entered Level 5 of the Lair of Beasts
 15641 | Lair:5   | Found a broken altar of Ashenzari.
 16048 | Lair:5   | Reached skill level 14 in Unarmed Combat
 16484 | Lair:5   | Reached skill level 10 in Earth Magic
 16985 | Lair:5   | Learned a level 4 spell: Passage of Golubria
 17120 | Lair:5   | Reached skill level 5 in Fighting
 17524 | Lair:5   | Identified the ring "Popav" {Will+ rCorr Int+6}
 17592 | Lair:5   | Reached skill level 15 in Unarmed Combat
 18559 | D:12     | Found a runed translucent door.
 18682 | D:12     | Found a staircase to the Orcish Mines.
 18711 | D:12     | Reached XP level 14. HP: 130/130 MP: 12/18
 18713 | D:12     | Noticed Nergalle
 18916 | D:12     | Killed Nergalle
 19166 | D:12     | Noticed a tentacled monstrosity
 19174 | D:12     | Noticed a cyan very ugly thing
 19181 | D:12     | Killed a tentacled monstrosity
 19297 | D:12     | Noticed a brown very ugly thing
 19304 | D:12     | Killed a cyan very ugly thing
 19309 | D:12     | HP: 3/131 [white ugly thing (17)]
 19400 | Orc:1    | Entered Level 1 of the Orcish Mines
 19400 | Orc:1    | Found Cecres's Weapon Shop.
 19747 | Orc:2    | Entered Level 2 of the Orcish Mines
 19935 | Orc:2    | Demolished by an orc knight

Illustrated notes

Levels and vault maps discovered:
D:1:      roderic_crop_circles_arrival_small, layout_basic, minivault_26
D:2:      layout_loops_cross, basic_altar, grunt_ministairs_4,
          minmay_indecisive_spiral
D:3:      layout_loops_ring, minmay_misc_feat_rugged
D:4:      layout_loops_corners, gammafunk_temple_overflow_statue,
          mainiacjoe_overflow_small_starburst,
          minmay_temple_entry_gardened_gates, minmay_quantized, uniq_natasha
D:5:      layout_basic, chequers_temple_overflow_statue_of_worship,
          trog_ov_bears_minmay, nicolae_wu_jian_immortal_techniques
D:6:      layout_rooms, serial_shops, shop_fountains, shop_fountains, shop,
          nicolae_shop_behind_doors, nicolae_square_shop, hex_large,
          uniq_duvessa
D:7:      layout_gridville, mainiacjoe_overflow_six_doors_small,
          uniq_crazy_yiuf_cottage
D:8:      layout_loops_ring, grunt_gozag_statues, uniq_gastronok, uniq_grum
D:9:      layout_long_grid
D:10:     layout_loops_ring, grunt_qazlal_clouds, grunt_decor_fettered
D:11:     layout_roguey, david_lair_shrubbed, doesnt_shop_hydraphobe
D:12:     cheibrodos_body_horror, layout_long_grid, orc_0_dummy,
          dk_noncrumbling_3, uniq_nergalle
Temple:   nicolae_temple_slightly_damp_pantheon
Lair:1:   layout_regular_city
Lair:2:   layout_loops_ring, skrybe_swamp_entry_bodies,
          minmay_snake_entry_six_corridors, serial_bayou_pond_c, minivault_24,
          infiniplex_staircase_pool
Lair:3:   layout_roguey, portal_ice_cave_entry_imps
Lair:4:   layout_cellular_growth, slime_entry_1,
          gammafunk_ghost_wrathful_warriors, grunt_megastairs_5
Lair:5:   evilmike_catoblepas_cave, layout_regular_city, basic_altar,
          chequers_serial_rivers_large_b, st_stairs_13, guppyfry_lair_drakes
Orc:1:    layout_diamond_mine, serial_shops, shop
Orc:2:    st_orc_town, layout_caves, uniq_azrael

Skill      XL: |  1  2  3  4  5  6  7  8  9 10 11 12 13 14 |
---------------+-------------------------------------------+-----
Unarmed Combat | 4 5 6 7 8 10 11 12 13 15 | 15.3
Dodging        | 3 4 6 7 8 |  8.0
Invocations    | 6 7 |  7.3
Fighting       | 4 6 |  6.4
Translocations | 3 6 |  6.1
Earth Magic    | 4 8 10 11 | 11.2
Stealth        | |  1.0

Action                   |  1- 3 |  4- 6 |  7- 9 | 10-12 | 13-15 || total
-------------------------+-------+-------+-------+-------+-------++-------
Melee: Unarmed           |    71 |   136 |   203 |   482 |   295 ||  1187
       Punch             |     1 |     7 |    15 |    41 |    39 ||   103
Throw: Dart              |       |       |     6 |     8 |     2 ||    16
       Javelin           |       |       |       |     2 |       ||     2
 Cast: Lee's Rapid Decon |       |       |       |     3 |     9 ||    12
       Passage of Golubr |       |       |       |       |     7 ||     7
       Lesser Beckoning  |       |       |       |       |     4 ||     4
Invok: Bend Time         |       |     1 |     1 |       |       ||     2
       Slouch            |       |       |       |     3 |     1 ||     4
       Step From Time    |       |       |       |       |     1 ||     1
Evoke: Wand              |       |       |     5 |       |     6 ||    11
  Use: Scroll            |     2 |     2 |     9 |     7 |     6 ||    26
       Potion            |       |     1 |     3 |     2 |     5 ||    11
 Stab: Sleeping          |     2 |     9 |     9 |     4 |     2 ||    26
       Distracted        |       |     1 |       |     2 |     1 ||     4
Armor: Robe              |    27 |    23 |    54 |   158 |    72 ||   334
Dodge: Dodged            |    52 |    59 |   134 |   498 |   213 ||   956
Block: Other             |       |       |       |       |    10 ||    10
